 Dungeon Crawl Stone Soup version 0.30.1-9-gdf580d7c3d (webtiles) character file.

Game seed: 10667632902556553353

65 Cheops the Sneak (level 4, -2/36 HPs)
             Began as a Naga Fire Elementalist on Oct 9, 2023.
             Slain by a gnoll
             ... wielding a +0 flail
              (13 damage)
             ... on level 2 of the Dungeon.
             The game lasted 00:06:45 (1663 turns).

Cheops the Sneak (Naga Fire Elementalist)           Turns: 1663, Time: 00:06:45

Health: -2/36      AC:  2    Str: 10    XL:     4   Next: 14%
Magic:  1/8        EV: 10    Int: 17    God:
Gold:   76         SH:  0    Dex: 12    Spells: 6/9 levels left

rFire   . . .        a - +2 whip (venom)
rCold   . . .        (no shield)
rNeg    . . .        i - +0 robe
rPois   +            (no helmet)
rElec   .            (no cloak)
rCorr   .            (no gloves)
SInv    +            (no barding)
Will    .....        (no amulet)
Stlth   ++           (no ring)
HPRegen 0.26/turn    (no ring)
MPRegen 0.11/turn

%: no passive effects
@: about to teleport, very slow
A: AC +1, large, see invisible, deformed body, poison resistance, slowness 2,
spit poison 1, naga tail 1
a: Spit Poison


You were on level 2 of the Dungeon.
You visited 1 branch of the dungeon, and saw 2 of its levels.

You collected 76 gold pieces.

Inventory:

Hand Weapons
 a - a +2 whip of venom (weapon)
 f - a +0 short sword
Armour
 i - a +0 robe (worn)
Scrolls
 e - a scroll of teleportation
 g - 2 scrolls of identify {unknown}
 l - a scroll of poison {unknown}
Potions
 b - 2 potions of magic
 c - a potion of heal wounds {unknown}
 h - a potion of curing {unknown}
 j - a potion of lignification {unknown}
 k - a potion of might {unknown}


   Skills:
 - Level 1.5 Dodging
 - Level 3.0 Stealth
 - Level 3.0 Spellcasting
 + Level 3.0 Conjurations
 - Level 3.0 Fire Magic


You had 6 spell levels left.
You knew the following spells:

 Your Spells              Type           Power      Damage    Failure   Level
a - Foxfire               Conj/Fire      48%        2x1d6     4%          1
b - Scorch                Fire           24%        2d6       8%          2

Your spell library contained the following spells:

 Spells                   Type           Power      Damage    Failure   Level
 Inner Flame              Hex/Fire       7%         N/A       28%         3
 Volatile Blastmotes      Fire/Tloc      14%        2d11      28%         3
 Ignite Poison            Fire/Tmut/Pois 5%         N/A       34%         3
 Call Canine Familiar     Summ           2%         N/A       45%         3
 Portal Projectile        Hex/Tloc       4%         N/A       45%         3
 Flame Wave               Conj/Fire      12%        2d6       45%         4
 Sticky Flame             Conj/Fire      12%        2d4       45%         4
 Leda's Liquefaction      Hex/Erth       1%         N/A       86%         4
 Ignition                 Fire           6%         3d4       100%        8


Dungeon Overview and Level Annotations

Branches:
Dungeon (2/15)

Altars:


Innate Abilities, Weirdness & Mutations

Your serpentine skin is tough. (AC +1)
You have supernaturally acute eyesight. (SInv)
Armour fits poorly on your strangely shaped body.
Your system is resistant to poisons. (rPois)
You cover ground very slowly.
You can spit poison.
You have a snake-like lower body.


Message History

The gnoll is heavily wounded.
A gnoll comes into view. It is wielding a +0 flail.
Casting: Foxfire (safe; 5% risk of failure)
Confirm with . or Enter, or press ? or * to list all spells.
You miscast Foxfire.
You are very lightly contaminated with residual magic.
Nothing appears to happen.
Casting: Foxfire (safe; 5% risk of failure)
Confirm with . or Enter, or press ? or * to list all spells.
You conjure some foxfire!
Casting: Foxfire (safe; 5% risk of failure)
Confirm with . or Enter, or press ? or * to list all spells.
You don't have enough magic to cast this spell.
The foxfire hits the gnoll.
The gnoll is almost dead.
The foxfire hits the gnoll.
You kill the gnoll!
You hear a shout!
Your Conjurations skill increases to level 3!
You have reached level 4!
You feel agile.
A gnoll comes into view. It is wielding a +0 flail.
The gnoll hits you with a +0 flail!
You barely miss the gnoll. The gnoll hits you with a +0 flail!
* * * LOW HITPOINT WARNING * * *
The gnoll attacks as you move away! The gnoll barely misses you.
You have got your breath back.
Your magical contamination has completely faded away.
The gnoll attacks as you move away! The gnoll closely misses you.
As you read the scroll labelled XUMIMU ATEO, it crumbles to dust.
You hear a loud clanging noise!
It was a scroll of noise.
You hear an angry hiss.
The gnoll closely misses you.
As you read the scroll labelled XAOMOX FIOLAOL, it crumbles to dust.
You feel strangely unstable.
It was a scroll of teleportation.
The gnoll hits you with a +0 flail.
* * * LOW HITPOINT WARNING * * *
The gnoll closely misses you. The gnoll attacks as you move away!
The gnoll hits you with a +0 flail!
You die...

..# #.#
..####+## #.#
........# #.#
........# #.#
........# #.#
.......)#####.#
..####......#.#
..#
#......#.#####
###
#..........@.# .
#.....##.###g#
..
+.....##.###g#
###
#.....##.#...#
#.....##.#...#
##+#####.#.#.)..
..#.##[#$# .....
## .. ...# #.


You could see 2 gnolls.

Vanquished Creatures
  A gnoll (D:2)
  2 adders (D:2)
  A dart slug (D:1)
  3 ball pythons
  4 bats (D:2)
  4 endoplasms
  A giant cockroach (D:1)
  6 goblins
  2 hobgoblins
  3 jackals (D:1)
  A frilled lizard (D:1)
  3 kobolds
  4 rats (D:1)
35 creatures vanquished.

Vanquished Creatures (others)
  102 foxfires
102 creatures vanquished.

Grand Total: 137 creatures vanquished

Notes
Turn   | Place    | Note
-------+----------+-------------------------------------------
     0 | D:1      | Cheops the Naga Fire Elementalist began the quest for the
                  | Orb.
     0 | D:1      | Reached XP level 1. HP: 15/15 MP: 3/3
   334 | D:1      | Reached XP level 2. HP: 22/22 MP: 2/5
   751 | D:1      | Learned a level 2 spell: Scorch
  1195 | D:2      | Reached XP level 3. HP: 28/28 MP: 3/7
  1656 | D:2      | Reached XP level 4. HP: 36/36 MP: 0/8
  1663 | D:2      | Slain by a gnoll

Illustrated notes

Levels and vault maps discovered:
D:1:      mainiacjoe_arrival_reflecting_pool, layout_loops_ring
D:2:      layout_basic, minmay_tall_x

Skill      XL: |  1  2  3 |
---------------+----------+-----
Spellcasting   | 3 |  3.0
Conjurations   | 3 |  3.0
Dodging        | |  1.5
Stealth        | |  3.0
Fire Magic     | |  3.0

Action                     |  1- 3 |  4- 6 || total
---------------------------+-------+-------++-------
  Melee: Whip              |     2 |     1 ||     3
   Cast: Foxfire           |    60 |       ||    60
Ability: Spit Poison       |     2 |       ||     2
    Use: Scroll            |       |     2 ||     2
 Armour: Robe              |     5 |       ||     5
  Dodge: Dodged            |       |     4 ||     4
